 Dungeon Crawl Stone Soup version 0.29.1-2-gbd0b4ee654 (webtiles) character file.

Game seed: 8710746655481247932

132 GeoRichter the Stinger (level 4, -1/33 HPs)
             Began as a Draconian Venom Mage on Nov 13, 2022.
             Killed by nerve-wracking pain
             ... invoked by an orc priest
              (7 damage)
             ... on level 3 of the Dungeon.
             The game lasted 00:03:28 (3319 turns).

GeoRichter the Stinger (Draconian Venom Mage)       Turns: 3319, Time: 00:03:29

Health: -1/33      AC:  5    Str: 10    XL:     4   Next: 92%
Magic:  3/8        EV: 12    Int: 17    God:
Gold:   193        SH:  0    Dex: 12    Spells: 2/8 levels left

rFire   . . .      SeeInvis .   j - +2 dagger (venom)
rCold   . . .      Faith    .   (no shield)
rNeg    . . .      Spirit   .   (body armour unavailable)
rPois   .          Reflect  .   (helmet restricted)
rElec   .          Harm     .   (no cloak)
rCorr   .          Rampage  .   (no gloves)
Will    .....                   (no boots)
Stlth   ++........              (no amulet)
HPRegen 0.11/turn               (no ring)
MPRegen 0.11/turn               (no ring)

@: no status effects
A: AC +5, unfitting armour, cold-blooded
a: no special abilities


You were on level 3 of the Dungeon.
You visited 1 branch of the dungeon, and saw 3 of its levels.

You collected 193 gold pieces.

Inventory:

Hand Weapons
 j - a +2 dagger of venom (weapon)
   (You took it off a goblin on level 2 of the Dungeon)
Scrolls
 e - a scroll of amnesia {unknown}
 f - a scroll of torment {unknown}
 g - a scroll of brand weapon {unknown}
 h - 2 scrolls of teleportation {unknown}
 i - a scroll of enchant armour {unknown}
 k - 2 scrolls of identify {unknown}
 l - a scroll of blinking {unknown}
 m - a scroll of fear {unknown}
Potions
 a - 2 potions of magic
 b - 2 potions of brilliance {unknown}
 c - 3 potions of curing {unknown}
 d - 2 potions of mutation {unknown}
 n - 2 potions of attraction {unknown}
 o - a potion of heal wounds {unknown}
 p - a potion of degeneration {unknown}
 q - a potion of lignification {unknown}


   Skills:
 - Level 1.7 Dodging
 - Level 1.7 Stealth
 + Level 2.9 Spellcasting
 - Level 1.0 Transmutations
 + Level 1.8 Air Magic
 * Level 4.6 Poison Magic


You had 2 spell levels left.
You knew the following spells:

 Your Spells              Type           Power      Damage    Failure   Level
a - Sting                 Tmut/Pois      48%        1d5       5%          1
b - Poisonous Vapours     Pois/Air       26%        N/A       7%          2
c - Mephitic Cloud        Conj/Pois/Air  9%         N/A       22%         3

Your spell library contained the following spells:

 Spells                   Type           Power      Damage    Failure   Level
 Olgreb's Toxic Radiance  Pois           18%        N/A       26%         4


Dungeon Overview and Level Annotations

Branches:
Dungeon (3/15) Zot: 14670

Altars:


Innate Abilities, Weirdness & Mutations

Your plain brown scales are hard. (AC +5)
You cannot fit into any form of body armour.
You are cold-blooded and may be slowed by cold attacks.


Message History

An orc comes into view. It is wielding a +0 dagger.
The orc shouts!
You hear a shout!
An orc comes into view.
It is wielding a +1 dagger of electrocution.
There are monsters nearby!
There are monsters nearby!
There are monsters nearby!
An orc priest and an orc come into view.
The orc shouts!
You miscast Sting.
You are very lightly contaminated with residual magic.
Nothing appears to happen.
The orc shouts!
The orc priest shouts!
The sting hits the orc.
The orc is poisoned.
The sting misses the orc.
The orc hits you but does no damage. The orc attacks as you move away!
The orc misses you. The orc attacks as you move away!
The orc closely misses you.
You barely miss the orc. The orc barely misses you.
Your magical contamination has completely faded away.
You hit the orc.
You kill the orc!
The orc barely misses you.
You see here a +0 dagger.
You see here a +0 dagger.
The orc attacks as you move away!
The orc hits you with a +1 dagger of electrocution.
The sting misses the orc.
The sting hits the orc.
The orc is poisoned.
The orc hits you with a +1 dagger of electrocution.
The sting hits the orc.
The orc is poisoned.
You kill the orc!
The orc hits you with a +1 dagger of electrocution.
The sting hits the orc but does no damage.
The orc looks even sicker.
The orc hits you but does no damage.
You hit the orc.
You kill the orc!
You hit the orc priest.
The orc priest hits you with a +0 hand axe.
You closely miss the orc priest.
Your tail-slap misses the orc priest.
The orc priest hits you with a +0 hand axe.
You closely miss the orc priest.
The orc priest hits you but does no damage.
You hit the orc priest.
The orc priest is poisoned.
The orc priest invokes the aid of Beogh against you.
Pain shoots through your body!
* * * LOW HITPOINT WARNING * * *
You are too injured to fight recklessly!
Aim: an orc priest, wielding a +0 hand axe (severely wounded, very poisoned, 71% to hit)
The sting hits the orc priest.
The orc priest looks even sicker.
The orc priest mumbles some strange prayers to Beogh against you.
Pain shoots through your body!
You die...

#.#..#...### ####
#..###.##..# #..
#....#.#..#. #.#
#.###.##.### .#######.#
#...#...#.#. ..o......#
#...#.###... ..o......#
#....#.#.###
..######.########....#.[.##.
#.)o@.......)..###...
###########)...)##...
#.....[.... #. #.#####....
#.# #.# ##### #.# #.# #.#
#.# # #.# #.# # ##.## #.#


You could see an orc priest (very poisoned).

Vanquished Creatures
  7 adders
  A worm (D:3)
  10 orcs (D:3)
  7 endoplasms
  2 giant cockroaches (D:2)
  3 goblins
  3 hobgoblins (D:1)
  4 quokkas
  7 ball pythons
  4 bats
  2 frilled lizards (D:1)
  2 kobolds
  6 rats
58 creatures vanquished.

Notes
Turn   | Place    | Note
-------+----------+-------------------------------------------
     0 | D:1      | GeoRichter the Draconian Venom Mage began the quest for the
                  | Orb.
     0 | D:1      | Reached XP level 1. HP: 14/14 MP: 3/3
   224 | D:1      | Reached XP level 2. HP: 20/20 MP: 3/5
   372 | D:1      | Learned a level 2 spell: Poisonous Vapours
   390 | D:1      | Found a faded altar of an unknown god.
  1468 | D:2      | Identified the +2 robe of Neewnyno {*Corrode rElec MP+9
                  | Dex+5}
  1486 | D:2      | Reached XP level 3. HP: 25/26 MP: 6/6
  1687 | D:2      | Reached skill level 1 in Air Magic
  1715 | D:2      | Reached skill level 4 in Poison Magic
  2172 | D:2      | Learned a level 3 spell: Mephitic Cloud
  2454 | D:3      | Reached XP level 4. HP: 33/33 MP: 4/8
  3319 | D:3      | Killed from afar by an orc priest

Illustrated notes

Levels and vault maps discovered:
D:1:      lightli_arrival_noodles, layout_basic,
          nicolae_ecumenical_snake_handling
D:2:      layout_loops_corners, minivault_25
D:3:      layout_loops_ring, okawaru_altar_gauntlet_db, serial_shops, shop,
          nrook_mini_vaults, minmay_pentomino_pile

Skill      XL: |  1  2  3 |
---------------+----------+-----
Air Magic      | 1 |  1.8
Poison Magic   | 4 |  4.6
Dodging        | |  1.7
Stealth        | |  1.7
Spellcasting   | |  2.9
Transmutations | |  1.0

Action                   |  1- 3 |  4- 6 || total
-------------------------+-------+-------++-------
Melee: Unarmed           |     7 |       ||     7
       Tailslap          |     2 |     5 ||     7
       Hand axe          |    26 |       ||    26
       Dagger            |     9 |    36 ||    45
 Cast: Sting             |    56 |    34 ||    90
       Poisonous Vapours |       |     3 ||     3
Armor: Skin              |    17 |    10 ||    27
Dodge: Dodged            |    37 |    16 ||    53
